 Dungeon Sprint DCSS version 0.30-a0-1008-g30c9307041 (webtiles) character file.

Game seed: 10875485058239949357

1970 dialectric the Carver (level 9, -5/64 HPs)
             Began as a Gargoyle Fighter on Apr 6, 2023.
             Slain by a polar bear (20 damage)
             ... in the Dungeon (Sprint II: "The Violet Keep of Menkaure").
             The game lasted 00:03:34 (532 turns).

dialectric the Carver (Gargoyle Fighter)             Turns: 532, Time: 00:03:34

Health: -5/64      AC: 31    Str: 21    XL:     9   Next: 20%
Magic:  9/9        EV:  9    Int:  6    God:
Gold:   462        SH:  0    Dex: 11    Spells: 8/8 levels left

rFire   . . .      SeeInvis .    a - +0 long sword
rCold   . . .      Faith    .    (no shield)
rNeg    + . .      Spirit   .    d - +8 chain mail {ponderous}
rPois   ∞          Reflect  .    (no helmet)
rElec   +          Rampage  .    i - +2 cloak
rCorr   .          NoTele   +    f - +0 pair of gloves
Will    .....                    (no boots) Stlth
                                 (no amulet)
HPRegen 0.30/turn                (no ring)
MPRegen 0.11/turn                (no ring)

@: on berserk cooldown, slowed, unable to read, very slow
A: sickness immunity, AC +6, negative energy resistance 1, electricity
resistance, torment resistance 1, petrification resistance, dopey 1, screaming
1, weak 1, inability to read after injury 1
a: no special abilities


You were in the Dungeon.
You visited 1 branch You collected 972 gold pieces.
You spent 510 gold pieces at shops.

Inventory:

Hand Weapons
 a - a +0 long sword (weapon)
Armour
 c - a +0 buckler
 d - a +8 chain mail of ponderousness (worn)
 f - a +0 pair of gloves (worn)
 i - a +2 cloak (worn)
Wands
 b - a wand of polymorph (10)
Scrolls
 j - a scroll of blinking
Potions
 g - a potion of haste
 h - 2 potions of magic


   Skills:
 + Level 11.3 Fighting
 + Level 12.8 Long Blades
 + Level 11.7 Armour
 * Level 3.4 Dodging
 - Level 3.2 Shields


You had 8 spell levels left.
You didn't know any spells.
Your spell library was empty.

Dungeon Overview and Level Annotations

Branches:
Dungeon (1/1)

Altars:
Cheibriados
Dithmenos
Elyvilon
Fedhas
Gozag
Hepliaklqana
Kikubaaqudgha
Makhleb
Nemelex Xobeh
Qazlal
Ru
Sif Muna
Trog
Uskayaw
Wu Jian
Xom
Yredelemnul
The Shining One
Jiyva
Lugonu

Shops:
D (:?![=![*?:=[*[

Annotations:
D exclusion: oklob plant


Innate Abilities, Weirdness & Mutations

You are immune to sickness and miasma.
Your stone body is resilient. (AC +6)
You are immune to poison.
You resist negative energy. (rN+)
You are resistant to electric shocks. (rElec)
You are resistant to unholy torment.
You are immune to petrification.
You are dopey. (Int -2)
You occasionally shout uncontrollably at your foes.
You are weak. (Str -2)
You occasionally lose the ability to read scrolls when taking damage.


Message History

The polar bear claws you but does no damage. x2
You slice the polar bear!!
You kill the polar bear!
The polar bear bites you but does no damage.
The polar bear claws you but does no damage. x2
The yaktaur hits you but does no damage.
There is an open door, spattered with blood here.
You slash the polar bear!
The polar bear is moderately wounded.
You slash the polar bear!
The polar bear is severely wounded.
The yaktaur hits you.
* * * LOW HITPOINT WARNING * * *
The polar bear goes berserk!
You closely miss the polar bear.
The polar bear is severely wounded.
You are no longer berserk.
You are exhausted.
You feel yourself slow down.
The polar bear bites you but does no damage.
The polar bear claws you but does no damage.
The polar bear completely misses you. The yaktaur closely misses you.
You hit the polar bear.
The polar bear is almost dead.
The polar bear barely misses you. x2
The polar bear claws you but does no damage.
The yaktaur hits you but does no damage.
The polar bear bites you but does no damage.
The polar bear claws you but does no damage. x2
You slash the polar bear!
The polar bear is almost dead.
The polar bear barely misses you.
The polar bear claws you but does no damage. x2
The yaktaur barely misses you.
Unknown command.
You hit the polar bear.
The polar bear is almost dead.
The polar bear bites you!!
You feel threatened and lose the ability to read scrolls!
You die...

########~~#''○#○°'#
#######~~~......°°°
∩.....#~~~~.##+##°.
.∩[...#~~~~##...##.#### .###
∩.∩...#~~~~#..##.#....# ...#
.∩.∩..#~~######.####..## #..# #
..∩.⌠.#~##.###'###.##..# +..# c#
.∩.∩..#~##..##.##...#..# #.^# .#
∩.....÷~'.##'.<.@h#.'h.### ..##.#
.∩....#†##..##.##c..#...§###...##
▓▓▓▓###~##.###'###.##.y...h~~~~~~
h######~~####.#.####~~.§.§.~#'###
h#D( ##~~~#.###.#~~~~~§~..~#....
h+.?# #'#~## #.##~~~~§§~~.~#....
.#!##.##.#~~# +##~~~≈§§§~~~~#..._
$###°..### ~~~ ~~~~§§§§≈§~~~#.._.
###...° +++#+++#~§≈≈≈≈§§~#._._


You could see a polar bear (berserk) and a yaktaur.

Vanquished Creatures
  A merfolk siren (D)
  A hornet (D)
  2 polar bears (D)
  2 wyverns (D)
  3 neqoxecs (D)
  2 water moccasins (D)
  4 scorpions (D)
  A hell rat (D)
16 creatures vanquished.

Vanquished Creatures (others)
  A neqoxec (D)
1 creature vanquished.

Grand Total: 17 creatures vanquished

Notes
Turn   | Place    | Note
-------+----------+-------------------------------------------
     0 | D        | dialectric the Gargoyle Fighter began the quest for the
                  | Orb.
     0 | D        | Reached XP level 1. HP: 14/14 MP: 1/1
     8 | D        | Noticed a scorpion
     8 | D        | Noticed a scorpion
     8 | D        | Noticed a scorpion
     8 | D        | Noticed a scorpion
    17 | D        | Killed a scorpion
    18 | D        | Reached skill level 5 in Fighting
    18 | D        | Reached skill level 4 in Long Blades
    18 | D        | Reached skill level 5 in Armour
    18 | D        | Reached XP level 2. HP: 11/22 MP: 2/2
    18 | D        | Reached XP level 3. HP: 14/27 MP: 3/3
    18 | D        | Reached XP level 4. HP: 17/32 MP: 4/4
    24 | D        | Killed a scorpion
    25 | D        | Reached skill level 5 in Long Blades
    25 | D        | Reached XP level 5. HP: 18/37 MP: 5/5
    35 | D        | Reached skill level 1 in Dodging
    39 | D        | Reached skill level 6 in Long Blades
    39 | D        | Reached XP level 6. HP: 16/44 MP: 6/6
    40 | D        | Noticed a neqoxec
    40 | D        | Noticed a neqoxec
    45 | D        | Gained mutation: You are dopey. (Int -2) [a neqoxec]
    55 | D        | Killed a neqoxec
    56 | D        | Reached skill level 8 in Long Blades
    66 | D        | Killed a neqoxec
    67 | D        | Reached XP level 7. HP: 27/51 MP: 7/7
    70 | D        | Noticed a wyvern
    70 | D        | Noticed a wyvern
    75 | D        | Killed a wyvern
    76 | D        | Reached skill level 9 in Long Blades
    80 | D        | Killed a wyvern
    81 | D        | Reached skill level 10 in Long Blades
    81 | D        | Reached skill level 10 in Armour
    94 | D        | Killed a neqoxec
    99 | D        | Found Seinir's Antique Armour Shop.
    99 | D        | Found Zuaciet's Antique Armour Boutique.
    99 | D        | Found Kaisout's Assorted Antiques.
    99 | D        | Found Ola Feso's Jewellery Shop.
   100 | D        | Found Ziuhee Uheho's Book Shop.
   100 | D        | Found Asaob's Magic Scroll Boutique.
   100 | D        | Found Cyfialoo's General Store.
   100 | D        | Found Edeteif's Armour Boutique.
   101 | D        | Found Ibeont's Jewellery Boutique.
   101 | D        | Found Vaafos's Antique Armour Shop.
   102 | D        | Found Gurph's Distillery.
   102 | D        | Noticed a wyvern
   103 | D        | Found Etich's Distillery.
   103 | D        | Found Ahixasm's Magic Scroll Shop.
   103 | D        | Noticed an oklob plant
   103 | D        | Noticed a wyvern
   104 | D        | Found Hogoxtar's Antique Weapon Boutique.
   104 | D        | Found Nesirud's Book Shoppe.
   119 | D        | Reached skill level 10 in Fighting
   119 | D        | Reached XP level 8. HP: 17/57 MP: 8/8
   121 | D        | Bought a glowing chain mail for 217 gold pieces
   144 | D        | Gained mutation: You are weak. (Str -2) [a neqoxec]
   152 | D        | Gained mutation: You occasionally shout uncontrollably at
                  | your foes. [a neqoxec]
   154 | D        | Gained mutation: You occasionally lose the ability to read
                  | scrolls when taking damage. [a neqoxec]
   220 | D        | Noticed an ice dragon
   222 | D        | Bought a potion of berserk rage for 50 gold pieces
   242 | D        | Reached skill level 11 in Long Blades
   307 | D        | Bought a +0 pair of gloves for 45 gold pieces
   373 | D        | Noticed a merfolk siren
   395 | D        | Killed a merfolk siren
   396 | D        | Reached skill level 12 in Long Blades
   445 | D        | Bought a +2 cloak for 198 gold pieces
   473 | D        | Found a blossoming altar of Fedhas.
   474 | D        | Found a white marble altar of Elyvilon.
   474 | D        | Found an opulent altar of Gozag.
   474 | D        | Found a burning altar of Makhleb.
   475 | D        | Found a shadowy altar of Dithmenos.
   475 | D        | Found a corrupted altar of Lugonu.
   476 | D        | Found a snail-covered altar of Cheibriados.
   476 | D        | Found an ancient bone altar of Kikubaaqudgha.
   476 | D        | Found a bloodstained altar of Trog.
   477 | D        | Found a viscous altar of Jiyva.
   477 | D        | Found a shimmering blue altar of Sif Muna.
   478 | D        | Found a hazy altar of Hepliaklqana.
   478 | D        | Found a sacrificial altar of Ru.
   478 | D        | Found a shimmering altar of Xom.
   479 | D        | Found a stormy altar of Qazlal.
   479 | D        | Found an ornate altar of the Wu Jian Council.
   479 | D        | Found a sparkling altar of Nemelex Xobeh.
   479 | D        | Found a hide-covered altar of Uskayaw.
   479 | D        | Found a basalt altar of Yredelemnul.
   479 | D        | Found a glowing golden altar of the Shining One.
   479 | D        | Noticed a hornet
   479 | D        | Noticed a polar bear
   479 | D        | Noticed a polar bear
   479 | D        | Noticed a yaktaur
   483 | D        | Noticed a polar bear
   507 | D        | Killed a polar bear
   518 | D        | Killed a hornet
   519 | D        | Reached XP level 9. HP: 23/64 MP: 9/9
   525 | D        | Killed a polar bear
   532 | D        | Slain by a polar bear

Illustrated notes

Levels and vault maps discovered:
D:        the_violet_keep_of_menkaure [sprint2_stairs_cluster_1,
          sprint2_shoproom, sprint2_temple, sprint2_basic_supplies,
          sprint2_obstacle_7, sprint2_obstacle_4, sprint2_obstacle_5,
          sprint2_obstacle_2, sprint2_obstacle_6, sprint2_timed_cluster_1,
          sprint2_smallroom_cluster_1, sprint2_smallroom_final_cluster_1,
          sprint2_transparent_cluster_1, sprint2_second_timed_cluster_1,
          sprint2_sniper_area_1, sprint2_heavy_combat_area_1,
          sprint2_mutation_trap_area_1, sprint2_forest_area_1,
          sprint2_light_combat_area_1, sprint2_behind_water_1,
          sprint2_near_end_vault_1]

Skill      XL: |  1  2  3  4  5  6  7  8 |
---------------+-------------------------+-----
Fighting       | 5 6 7 9 10 11 | 11.3
Long Blades    | 4 5 6 8 10 12 | 12.8
Armour         | 5 6 8 9 10 11 | 11.7
Dodging        | 1 3 |  3.4
Shields        | |  3.2

Action                     |  1- 3 |  4- 6 |  7- 9 || total
---------------------------+-------+-------+-------++-------
  Melee: Long sword        |     8 |    44 |   126 ||   178
         Punch             |       |       |     4 ||     4
    Use: Potion            |     1 |     2 |     2 ||     5
 Armour: Scale mail        |     4 |    11 |     9 ||    24
         Chain mail        |       |       |    93 ||    93
  Dodge: Dodged            |     4 |    20 |    50 ||    74

Table legend: (Time is in decaauts)
 A = Elapsed time spent in this place.
 B = Non-inter-level travel time spent in this place.
 C = Inter-level travel time spent in this place.
 D = Time resting spent in this place.
 E = Time spent auto-exploring this place.
 F = Levels seen in this place.
 G = Mean time per level.
                   A        B        C        D        E       F      G
               +--------+--------+--------+--------+--------+-----+--------+
         Total |    551 |    551 |      0 |      0 |    123 |   1 |  551.0 |
       Dungeon |    551 |    551 |      0 |      0 |    123 |   1 |  551.0 |
               +--------+--------+--------+--------+--------+-----+--------+

Top non-repeatable levels by time:
       D: 551 daAuts
